AoeStats
← NPG | FishCL

Black Forest

503669724Analyzed
4v4 RM · 1mo ago on Sep 1, 2026· 46m 14s· 8 players
Game mode
Random Map
Map size
Large (8 player)
Population
200
Speed
Normal
Resources
Standard
Victory
Conquest
Starting age
Dark Age
Ending age
Imperial Age
RankedLock teamsTeams togetherTeam positionsShared explorationLock speedFull tech treeHidden civsTurbo modeCheats
Victory
Defeat
🇨🇱 Persians · Chile
1667
+11
🇨🇱 Bohemians · Chile
1644
+12
🇨🇱 Khmer · Chile
1541
+16
🇦🇷 Japanese · Argentina
1461
+20
🇧🇷 Burgundians · Brazil
1603
-17
🇹🇷 Britons · Türkiye
1545
-14
🇨🇳 Persians · China
1535
-14
🇩🇪 Bohemians · Germany
1518
-13
enzoyin68
10:50 Feudal Age
11:45 Double-Bit Axe
11:45 Horse Collar
14:17 Castle Age
15:13 Bow Saw
19:57 Heavy Plow
21:39 Wheelbarrow
23:20 Gold Mining
23:21 Stone Mining
24:15 Hand Cart
25:26 Gold Shaft Mining
25:26 Stone Shaft Mining
26:49 Scale Barding Armor
27:10 Forging
26:57 Loom
29:50 Imperial Age
28:15 Devotion
28:39 Chain Barding Armor
28:24 Caravan
28:55 Coinage
29:07 Husbandry
29:18 Bloodlines
29:45 Iron Casting
31:10 Chemistry
30:53 Plate Barding Armor
30:44 Conscription
31:37 Two-Man Saw
31:08 Crop Rotation
30:59 Masonry
32:28 Blast Furnace
30:53 Elite War Elephant
32:36 Blast Furnace
34:36 Faith
38:29 Banking
38:10 Guilds
39:16 Ballistics
42:52 Fletching
43:34 Architecture
43:16 Citadels
Kr4mer
0:51 Loom
9:56 Feudal Age
10:55 Double-Bit Axe
11:05 Horse Collar
16:48 Castle Age
15:32 Town Watch
17:29 Heavy Plow
17:46 Bow Saw
23:51 Stone Mining
25:36 Wheelbarrow
26:28 Gold Mining
30:32 Imperial Age
28:25 Ballistics
28:02 Fletching
29:12 Bodkin Arrow
29:18 Padded Archer Armor
30:03 Masonry
30:15 Fortified Wall
32:30 Chemistry
33:30 Warwolf
33:58 Conscription
33:44 Caravan
35:08 Architecture
34:44 Siege Engineers
34:47 Elite Longbowman
36:23 Bracer
37:38 Yeomen
39:14 Yeomen
42:29 Treadmill Crane
42:36 Pikeman
43:17 Squires
43:08 Halberdier
44:10 Scale Mail Armor
44:22 Forging
45:33 Chain Mail Armor
45:55 Iron Casting
Julio2
5:10 Double-Bit Axe
7:06 Horse Collar
11:39 Feudal Age
12:57 Bow Saw
15:21 Castle Age
13:25 Heavy Plow
17:08 Two-Man Saw
20:12 Wheelbarrow
20:29 Wheelbarrow
21:18 Gold Mining
23:12 Hand Cart
28:01 Imperial Age
27:27 Gold Shaft Mining
26:43 Stone Mining
27:41 Scale Barding Armor
27:46 Forging
27:15 Cavalier
28:45 Chain Barding Armor
28:34 Caravan
30:03 Chemistry
28:42 Paladin
30:10 Iron Casting
31:33 Plate Barding Armor
PanicWaller
2:25 Loom
11:49 Feudal Age
14:02 Wheelbarrow
17:55 Castle Age
16:44 Double-Bit Axe
17:19 Horse Collar
20:27 Fervor
24:58 Bow Saw
32:04 Imperial Age
29:52 Town Watch
30:23 Hand Cart
31:18 Wagenburg Tactics
33:07 Chemistry
32:19 Masonry
32:07 Fletching
32:18 Padded Archer Armor
33:02 Town Patrol
33:02 Pikeman
33:42 Squires
33:43 Onager
34:54 Scale Mail Armor
35:05 Forging
35:27 Coinage
36:22 Chain Mail Armor
35:30 Halberdier
37:38 Iron Casting
38:36 Banking
38:18 Bodkin Arrow
38:40 Leather Archer Armor
40:12 Houfnice
41:24 Bracer
41:57 Ring Archer Armor
42:49 Plate Mail Armor
43:20 Blast Furnace
43:24 Architecture
44:03 Conscription
AiM | PoRRo
6:57 Loom
10:58 Feudal Age
11:56 Double-Bit Axe
14:19 Castle Age
12:41 Horse Collar
18:55 Bow Saw
20:00 Wheelbarrow
21:47 Heavy Plow
22:51 Fervor
23:29 Hand Cart
24:20 Gold Mining
27:58 Imperial Age
25:50 Stone Mining
27:49 Gold Shaft Mining
28:04 Scale Barding Armor
28:09 Forging
29:24 Bloodlines
28:38 Elite Battle Elephant
30:01 Crop Rotation
29:43 Husbandry
30:30 Chain Barding Armor
31:51 Plate Barding Armor
33:40 Conscription
33:24 Tusk Swords
34:47 Caravan
36:37 Iron Casting
41:12 Blast Furnace
42:47 Pikeman
43:22 Halberdier
44:07 Scale Mail Armor
45:52 Chain Mail Armor
45:33 Light Cavalry
benja23
11:33 Feudal Age
12:47 Double-Bit Axe
15:16 Castle Age
12:57 Horse Collar
16:14 Bow Saw
22:50 Wheelbarrow
23:33 Gold Mining
23:48 Heavy Plow
26:33 Hand Cart
26:55 Gold Shaft Mining
26:10 Stone Mining
29:52 Imperial Age
28:02 Stone Shaft Mining
28:09 Forging
28:29 Bloodlines
28:19 Husbandry
29:01 Scale Barding Armor
29:32 Iron Casting
29:40 Elite War Elephant
30:41 Conscription
30:42 Chain Barding Armor
31:23 Blast Furnace
30:31 Onager
35:45 Plate Barding Armor
36:45 Devotion
43:21 Caravan
NPG | FishCL
0:55 Loom
11:27 Feudal Age
15:20 Castle Age
14:16 Double-Bit Axe
14:17 Horse Collar
16:31 Bow Saw
25:59 Wheelbarrow
29:05 Imperial Age
27:48 Hand Cart
29:11 Chemistry
28:19 Pikeman
29:00 Scale Mail Armor
29:44 Squires
30:01 Chain Mail Armor
30:18 Town Watch
30:49 Forging
31:46 Siege Engineers
31:12 Houfnice
32:22 Conscription
34:18 Halberdier
35:29 Plate Mail Armor
37:03 Iron Casting
40:25 Blast Furnace
43:35 Caravan
44:18 Padded Archer Armor
44:09 Fletching
44:31 Masonry
44:42 Ballistics
Casitas Voy
9:08 Feudal Age
9:11 Man-at-Arms
9:37 Arson
9:38 Double-Bit Axe
19:08 Castle Age
17:05 Loom
17:35 Stone Mining
19:23 Town Watch
20:15 Bow Saw
21:45 Horse Collar
29:03 Imperial Age
28:21 Wheelbarrow
28:40 Fortified Wall
28:36 Pikeman
29:16 Squires
29:17 Scale Mail Armor
30:47 Two-Man Saw
30:22 Masonry
31:21 Heavy Plow
34:12 Hand Cart
35:57 Chemistry
37:15 Chain Mail Armor
37:11 Forging
37:06 Halberdier
39:13 Plate Mail Armor
39:38 Iron Casting
41:09 Conscription
43:21 Blast Furnace
45:11 Fletching
45:43 Ballistics
45:29 Siege Engineers
Connection lost

Rejoining the realm…

Still unreachable

The connection could not be restored.

Session expired

The server has moved on; the page needs a fresh start.